 Dungeon Crawl Stone Soup version 0.25-a0-549-g6e6e650 (webtiles) character file.

Game seed: 13408997336943668479, levelgen mode: deterministic

6 Faels the Grave Robber (level 1, 0/8 HPs)
             Began as a Felid Necromancer on Feb 22, 2020.
             Slain by a kobold
             ... wielding a cursed +0 short sword
              (6 damage)
             ... on level 1 of the Dungeon.
             The game lasted 00:01:22 (495 turns).

Faels the Grave Robber (Felid Necromancer)           Turns: 495, Time: 00:01:23

Health: 0/8        AC:  1    Str:  4    XL:     1   Next: 75%
Magic:  3/4        EV: 18    Int: 16    God:
Gold:   26         SH:  0    Dex: 16    Spells: 3/4 levels left
                                        Lives:  0   Deaths: 0

rFire    . . .     SeeInvis +   (weapon unavailable)
rCold    . . .     Gourm    .   (shield unavailable)
rNeg     . . .     Faith    .   (armour unavailable)
rPois    .         Spirit   .   (helmet unavailable)
rElec    .         Reflect  .   (cloak unavailable)
rCorr    .         Harm     .   (gloves unavailable)
MR       .....                  (boots unavailable)
Stlth    +++.......             (no amulet)
HPRegen  0.02/turn              (no ring)
MPRegen  0.09/turn              (no ring)

@: quick
A: very small, no armour, no weapons or thrown items, stealth, claws 1, fangs 3,
see invisible, carnivore, speed 1, shaggy fur 1, slow metabolism 1, sharp paws
a: no special abilities


You were on level 1 of the Dungeon.
You were full.

You visited 1 branch of the dungeon, and saw 1 of its levels.

You collected 26 gold pieces.

Inventory:

Potions
 a - 2 potions of haste {unknown}
Comestibles
 b - 3 rations


   Skills:
 + Level 0.4 Fighting
 + Level 2.9 Dodging
 + Level 2.9 Stealth
 + Level 0.4 Unarmed Combat
 - Level 2.0 Spellcasting
 - Level 4.0 Necromancy


You had 3 spell levels left.
You knew the following spells:

 Your Spells              Type           Power        Failure   Level  Hunger
a - Pain                  Necr           ##..         4%          1    #......

Your spell library contained the following spells:

 Spells                   Type           Power        Failure   Level  Hunger
 Animate Skeleton         Necr           N/A          4%          1    #......
 Vampiric Draining        Necr           ##........   12%         3    ###....
 Animate Dead             Necr           N/A          36%         4    #####..
 Agony                    Necr           ##......     73%         5    ######.


Dungeon Overview and Level Annotations

Branches:
Dungeon (1/15)

Altars:


Innate Abilities, Weirdness & Mutations

You cannot wear armour.
You are incapable of wielding weapons or throwing items.
Your paws allow you to move quietly. (Stealth)
You have sharp claws.
You have razor-sharp teeth.
You have supernaturally acute eyesight. (SInv)
You are carnivorous and can eat meat at any time.
You cover ground quickly.
You are covered in fur. (AC +1)
You have a slow metabolism.
Your sharp claws are effective at attacking unaware monsters.


Message History

You closely miss the hobgoblin.
The hobgoblin is heavily wounded.
The hobgoblin barely misses you.
You closely miss the hobgoblin. Your bite misses the hobgoblin.
The hobgoblin is heavily wounded.
The hobgoblin completely misses you.
You scratch the hobgoblin.
You kill the hobgoblin!
You closely miss the kobold. Your bite misses the kobold.
You scratch the kobold.
The kobold is moderately wounded.
The kobold completely misses you.
You scratch the kobold but do no damage.
The kobold is moderately wounded.
The kobold completely misses you.
You scratch the kobold but do no damage.
The kobold is moderately wounded.
The kobold hits you with a cursed +0 short sword.
Ouch! That really hurt!
You die...

......................#.#
.###................#
#########.####.### #.# ..
#.####.# #r##...# #.#
#g##...## #.# #K##....#
#.# #@##....# #.#
#.##....# #.#
#########.......###.#
#≈≈≈≈≈≈≈####.....##.#
.#≈≈≈≈.≈≈## #...#.##.#
.≈≈≈≈..≈..# #...#..#.#
.≈≈≈......#
#...##.#.#####.
.≈≈≈......#
##+###.........
.≈≈....<..# #...#####.


You could see a hobgoblin, a kobold and a rat.

Vanquished Creatures
  2 goblins (D:1)
  A hobgoblin (D:1)
  A kobold (D:1)
  A bat (D:1)
5 creatures vanquished.

Notes
Turn   | Place    | Note
-------+----------+-------------------------------------------
     0 | D:1      | Faels the Felid Necromancer began the quest for the Orb.
     0 | D:1      | Reached XP level 1. HP: 7/7 MP: 4/4
   495 | D:1      | Slain by a kobold

Levels and vault maps discovered:
D:1:      dpeg_arrival_pond, layout_basic

Action                   || total
-------------------------++-------
Melee: Unarmed           ||    25
 Cast: Pain              ||     6
 Stab: Sleeping          ||     1
  Eat: Chunk             ||     3
Armor: Skin              ||     3
Dodge: Dodged            ||    23

Table legend:
 A = Non-vault XP
 B = Vault XP
 C = Vault XP percentage of total XP
 D = Non-vault monster count
 E = Vault monster count
 F = Vault count percentage of total count
                 A         B        C        D         E       F
            +---------+---------+-------+---------+---------+-------
      Total |       9 |       0 |   0.0 |       5 |       0 |   0.0
            +---------+---------+-------+---------+---------+-------
        D:1 |       9 |       0 |   0.0 |       5 |       0 |   0.0
            +---------+---------+-------+---------+---------+-------
